[Event "23rd Alekhine FIDE 2019"]
[Site "Voronezh"]
[Date "2019.06.12"]
[Round "1.1"]
[White "Egorov, Alexey"]
[Black "Denishev, Marat"]
[Result "1-0"]
[ECO "B12"]
[WhiteElo "1760"]
[BlackElo "2196"]
[Annotator "NA"]
[PlyCount "75"]
[EventDate "2019.06.11"]
[EventType "swiss"]
[EventCountry "RUS"]
[SourceTitle "playchess.com"]
[Source "ChessBase"]
[SourceQuality "1"]
[TimeControl "40/5400+30:1800+30"]

1. e4 c6 2. d4 d5 3. e5 Bf5 4. h4 h5 5. Ne2 e6 6. Ng3 Bg6 7. Bd3 Bxd3 8. Qxd3 g6 9. Bg5 Be7 10. Bxe7 Nxe7 11. Nd2 Nd7 12. Nf3 c5 13. c3 Rc8 14. O-O Qb6 15. b3 c4 16. bxc4 Rxc4 17. Ng5 Qc6 18. Qf3 Nf5 19. Nxf5 gxf5 20. Rfc1 b5 21. Qe3 Nb6 22. Rab1 Na4 23. Rb3 Qd7 24. Nh3 a6 25. Nf4 Qe7 26. g3 Qf8 27. Rb4 Nb6 28. Rcb1 Qh6 29. Rxc4 Nxc4 30. Qe2 Nb6 31. Rb3 Ke7 32. Ra3 Na4 33. Rxa4 bxa4 34. Qxa6 Qf8 35. Qa7+ Kd8 36. Nd3 Qe8 37. Qb8+ Kd7 38. Nc5+ 1-0

[Event "23rd Alekhine FIDE 2019"]
[Site "Voronezh"]
[Date "2019.06.12"]
[Round "1.2"]
[White "Zhileykin, Andrey"]
[Black "Korolkov, Alexander"]
[Result "1-0"]
[ECO "B30"]
[WhiteElo "2193"]
[BlackElo "1748"]
[Annotator "NA"]
[PlyCount "103"]
[EventDate "2019.06.11"]
[EventType "swiss"]
[EventCountry "RUS"]
[SourceTitle "playchess.com"]
[Source "ChessBase"]
[SourceQuality "1"]
[TimeControl "40/5400+30:1800+30"]

1. e4 c5 2. Nf3 Nc6 3. Nc3 g6 4. Bc4 Bg7 5. O-O Nf6 6. d3 O-O 7. a3 d6 8. h3 a6 9. Bg5 b5 10. Ba2 Bd7 11. Qd2 Rb8 12. Bh6 a5 13. Bxg7 Kxg7 14. Nd5 e6 15. Ne3 Qc7 16. Nh2 Ne7 17. f4 d5 18. Neg4 Nfg8 19. Ne5 b4 20. axb4 Rxb4 21. exd5 exd5 22. Nxd7 Qxd7 23. Qc3+ d4 24. Qxc5 Rxb2 25. Bb3 Rc8 26. Qa3 Rbxc2 27. Bxc2 Rxc2 28. Qa4 Qxa4 29. Rxa4 Nf5 30. Ng4 Rd2 31. Rxa5 Nh4 32. Nf2 Nf6 33. g3 Nf5 34. g4 Ng3 35. Rfa1 Ne2+ 36. Kf1 Nxf4 37. R5a2 Rxa2 38. Rxa2 N6d5 39. Ra4 Ne6 40. Kg2 Nc3 41. Ra7 g5 42. Kf3 Kg6 43. Rd7 h6 44. Ra7 Nb5 45. Rb7 Nc3 46. Rd7 Nb5 47. Ne4 Kg7 48. Nd6 Nxd6 49. Rxd6 Kg6 50. Ke4 Kf6 51. Rxd4 Nxd4 52. Kxd4 1-0

[Event "23rd Alekhine FIDE 2019"]
[Site "Voronezh"]
[Date "2019.06.12"]
[Round "1.3"]
[White "Pranizin, Evgeny"]
[Black "Provkin, Vladimir"]
[Result "1-0"]
[ECO "B59"]
[WhiteElo "1740"]
[BlackElo "2176"]
[Annotator "NA"]
[PlyCount "111"]
[EventDate "2019.06.11"]
[EventType "swiss"]
[EventCountry "RUS"]
[SourceTitle "playchess.com"]
[Source "ChessBase"]
[SourceQuality "1"]
[TimeControl "40/5400+30:1800+30"]

1. e4 c5 2. Nf3 d6 3. d4 Nf6 4. Nc3 cxd4 5. Nxd4 Nc6 6. Be2 e5 7. Nb3 Be7 8. Be3 O-O 9. O-O a5 10. Bf3 a4 11. Nd2 a3 12. b3 Be6 13. Nd5 Bxd5 14. exd5 Nb8 15. c4 Nfd7 16. Be2 f5 17. f3 Bg5 18. f4 exf4 19. Bxf4 Bxf4 20. Rxf4 Ne5 21. Qf1 g6 22. Qf2 Nbd7 23. Rf1 Qe7 24. Qg3 Rae8 25. Rxf5 Rxf5 26. Rxf5 Nf7 27. Rf2 Qe3 28. Qxe3 Rxe3 29. Bg4 Nde5 30. Be6 Kg7 31. Bxf7 Nxf7 32. Nf3 Rc3 33. Re2 Kf6 34. Kf2 g5 35. Re6+ Kg7 36. g4 Rc2+ 37. Re2 Rc1 38. h3 Ra1 39. Rd2 Kf6 40. Nd4 Ke7 41. Nb5 Ne5 42. Nxa3 Nd3+ 43. Rxd3 Rxa2+ 44. Kg3 Rxa3 45. Re3+ Kd7 46. Kf3 Ra8 47. Ke4 Re8+ 48. Kd4 Rf8 49. b4 Rf4+ 50. Kc3 h6 51. Kb3 b6 52. Rc3 Rd4 53. Ka4 Rd1 54. Kb5 Rb1 55. Rf3 Rb2 56. Rf6 1-0

[Event "23rd Alekhine FIDE 2019"]
[Site "Voronezh"]
[Date "2019.06.12"]
[Round "1.4"]
[White "Ponomariov, Timur"]
[Black "Al Azmi, Khalaf"]
[Result "1/2-1/2"]
[ECO "A45"]
[WhiteElo "2172"]
[BlackElo "1738"]
[Annotator "NA"]
[PlyCount "133"]
[EventDate "2019.06.11"]
[EventType "swiss"]
[EventCountry "RUS"]
[SourceTitle "playchess.com"]
[Source "ChessBase"]
[SourceQuality "1"]
[TimeControl "40/5400+30:1800+30"]

1. d4 Nf6 2. Nc3 d5 3. Bf4 Bf5 4. e3 e6 5. Nf3 Bb4 6. a3 Bd6 7. Ne5 a6 8. Be2 h6 9. g4 Bh7 10. h4 Nbd7 11. Qd2 Qe7 12. f3 c5 13. Kf2 g5 14. hxg5 hxg5 15. Bg3 O-O-O 16. Na4 Bc7 17. Kg2 Nxe5 18. Bxe5 Bxe5 19. Nb6+ Kb8 20. dxe5 Nd7 21. Nxd7+ Qxd7 22. Rh5 Bg6 23. Rxh8 Rxh8 24. Rh1 Rxh1 25. Kxh1 Qc7 26. Qc3 Qb6 27. b4 c4 28. Kg2 Qb5 29. Bd1 Qa4 30. Kf2 b6 31. Ke1 Qe8 32. Kd2 Qh8 33. Qd4 Kb7 34. Kc3 Qh1 35. a4 Qe1+ 36. Qd2 Qg3 37. Kd4 Kc7 38. a5 b5 39. f4 gxf4 40. exf4 Qg1+ 41. Kc3 Qg3+ 42. Kb2 Qg1 43. f5 d4 44. c3 dxc3+ 45. Kxc3 Qg3+ 46. Kc2 Qb3+ 47. Kc1 Qa3+ 48. Kb1 exf5 49. Qd6+ Kc8 50. Qxa6+ Kd8 51. Qb6+ Ke7 52. Qc5+ Kd8 53. Qd5+ Ke7 54. Qc5+ Kd8 55. Qb6+ Ke7 56. Qf6+ Kf8 57. Qh8+ Ke7 58. Qf6+ Kf8 59. Qd6+ Ke8 60. Qb8+ Ke7 61. Qd6+ Ke8 62. Qc6+ Ke7 63. Qc7+ Ke8 64. Qc8+ Ke7 65. Qc7+ Ke8 66. Qc6+ Ke7 67. Qd6+ 1/2-1/2

[Event "23rd Alekhine FIDE 2019"]
[Site "Voronezh"]
[Date "2019.06.12"]
[Round "1.5"]
[White "Gurskiy, Dmitriy"]
[Black "Eliseev, Mikhail"]
[Result "0-1"]
[ECO "B27"]
[WhiteElo "1738"]
[BlackElo "2169"]
[Annotator "NA"]
[PlyCount "138"]
[EventDate "2019.06.11"]
[EventType "swiss"]
[EventCountry "RUS"]
[SourceTitle "playchess.com"]
[Source "ChessBase"]
[SourceQuality "1"]
[TimeControl "40/5400+30:1800+30"]

1. e4 c5 2. Nf3 g6 3. d4 cxd4 4. Nxd4 Nc6 5. Be3 Bg7 6. c4 Nf6 7. Nc3 O-O 8. Be2 a5 9. Qd2 a4 10. O-O d6 11. f3 Bd7 12. Rab1 Qa5 13. Rfd1 Nxd4 14. Bxd4 Bc6 15. Bf1 Nd7 16. Bxg7 Kxg7 17. Qd4+ Kg8 18. Rd2 Qb4 19. b3 axb3 20. axb3 Ra3 21. Na2 Qc5 22. Nc1 Rfa8 23. Ne2 Ra1 24. Rdb2 Rxb1 25. Rxb1 Ne5 26. Qxc5 dxc5 27. Nf4 Ra2 28. b4 cxb4 29. Rxb4 e6 30. Ne2 g5 31. Nd4 Rd2 32. c5 Nd7 33. Rc4 Kg7 34. Nb3 Rb2 35. Rc3 Kf6 36. Na5 Ra2 37. Nxb7 Bxb7 38. c6 Bxc6 39. Rxc6 Ne5 40. Rc3 h5 41. g3 Ng6 42. Rc5 h4 43. Bg2 Rd2 44. Ra5 Ne5 45. Ra3 Rc2 46. Ra1 Nc4 47. Re1 Ke5 48. Bf1 Nd2 49. Bg2 h3 50. Bh1 Nc4 51. Rd1 Nb2 52. Rf1 Nd3 53. Rd1 Kd4 54. f4 gxf4 55. gxf4 Ke3 56. f5 e5 57. Rf1 Rf2 58. Ra1 Rb2 59. Rf1 Rb8 60. Ra1 Ke2 61. Ra2+ Nb2 62. Ra3 Nd3 63. Ra2+ Rb2 64. Ra1 Rc2 65. Rf1 Ra2 66. Bf3+ Ke3 67. Bh1 Ra8 68. Rf3+ Ke2 69. Rxh3 Ra1+ 0-1

[Event "23rd Alekhine FIDE 2019"]
[Site "Voronezh"]
[Date "2019.06.12"]
[Round "1.6"]
[White "Nasonov, Vadim A."]
[Black "Kushnarenko, Egor"]
[Result "1-0"]
[ECO "D34"]
[WhiteElo "2155"]
[BlackElo "1737"]
[Annotator "NA"]
[PlyCount "53"]
[EventDate "2019.06.11"]
[EventType "swiss"]
[EventCountry "RUS"]
[SourceTitle "playchess.com"]
[Source "ChessBase"]
[SourceQuality "1"]
[TimeControl "40/5400+30:1800+30"]

1. d4 c5 2. Nf3 e6 3. g3 Nf6 4. Bg2 Nc6 5. O-O d5 6. c4 Be7 7. Nc3 O-O 8. cxd5 exd5 9. Bg5 Ne4 10. Bxe7 Nxe7 11. dxc5 Nxc3 12. bxc3 Qc7 13. Qd4 Be6 14. Ng5 Rac8 15. Nxe6 fxe6 16. Rab1 Rf7 17. e4 Nc6 18. Qe3 Rd8 19. Rfd1 Rfd7 20. exd5 exd5 21. Rxd5 Ne7 22. Qe6+ Kh8 23. Rxd7 Rxd7 24. Bxb7 Rd8 25. Be4 Qxc5 26. Rb7 Ng8 27. Qf5 1-0

[Event "23rd Alekhine FIDE 2019"]
[Site "Voronezh"]
[Date "2019.06.12"]
[Round "1.7"]
[White "Kuzminykh, Nikita"]
[Black "Iliushkin, Evgeny"]
[Result "1/2-1/2"]
[ECO "B40"]
[WhiteElo "1737"]
[BlackElo "2148"]
[Annotator "NA"]
[PlyCount "120"]
[EventDate "2019.06.11"]
[EventType "swiss"]
[EventCountry "RUS"]
[SourceTitle "playchess.com"]
[Source "ChessBase"]
[SourceQuality "1"]
[TimeControl "40/5400+30:1800+30"]

1. e4 c5 2. Nf3 e6 3. c3 d5 4. exd5 exd5 5. d4 Nc6 6. Bf4 Bd6 7. Bxd6 Qxd6 8. dxc5 Qxc5 9. Nbd2 Nf6 10. Nb3 Qb6 11. Be2 O-O 12. O-O Re8 13. Re1 Bg4 14. h3 Bh5 15. Nfd4 Nxd4 16. Nxd4 Bg6 17. Qb3 Qc7 18. Bf3 Be4 19. Bxe4 dxe4 20. Rad1 Rad8 21. Re2 a6 22. Rde1 g6 23. f3 exf3 24. Rxe8+ Rxe8 25. Rxe8+ Nxe8 26. Nxf3 Qc5+ 27. Kh2 Nd6 28. Qd1 Kg7 29. b4 Qc7 30. Qd4+ f6 31. Qf4 g5 32. Qg3 Qe7 33. Nd4 Qe5 34. Qxe5 fxe5 35. Ne6+ Kf6 36. Nc5 e4 37. Kg3 Ke5 38. Nd7+ Kd5 39. Nf6+ Kc4 40. Nxh7 Nf7 41. Nf6 e3 42. Kf3 Kxc3 43. Kxe3 Kxb4 44. Ne4 Ka3 45. Nc5 Nd8 46. g3 a5 47. h4 gxh4 48. gxh4 Kxa2 49. h5 b5 50. h6 Nf7 51. h7 b4 52. Kd2 b3 53. Nxb3 Kxb3 54. Kc1 Ka2 55. Kc2 a4 56. Kc1 Nh8 57. Kc2 a3 58. Kc1 Kb3 59. Kb1 a2+ 60. Ka1 Ka3 1/2-1/2

[Event "23rd Alekhine FIDE 2019"]
[Site "Voronezh"]
[Date "2019.06.12"]
[Round "1.8"]
[White "Kolomensky, Vladimir"]
[Black "Dobrynin, Ivan"]
[Result "1-0"]
[ECO "B43"]
[WhiteElo "2134"]
[BlackElo "1734"]
[Annotator "NA"]
[PlyCount "39"]
[EventDate "2019.06.11"]
[EventType "swiss"]
[EventCountry "RUS"]
[SourceTitle "playchess.com"]
[Source "ChessBase"]
[SourceQuality "1"]
[TimeControl "40/5400+30:1800+30"]

1. e4 c5 2. Nf3 e6 3. d4 cxd4 4. Nxd4 a6 5. Nc3 Qc7 6. g3 b5 7. Bg2 Bb7 8. O-O d6 9. Re1 Be7 10. a4 bxa4 11. Rxa4 Nf6 12. Rb4 Nfd7 13. Nf5 Kf8 14. Nxd6 Qxd6 15. Rxb7 Qxd1 16. Rxd1 Nc5 17. Rc7 Nbd7 18. b4 Bd8 19. Rc6 Bf6 20. bxc5 1-0

[Event "23rd Alekhine FIDE 2019"]
[Site "Voronezh"]
[Date "2019.06.12"]
[Round "1.9"]
[White "Astakhov, Alexander"]
[Black "Shaydullina, Sandugach"]
[Result "0-1"]
[ECO "B90"]
[WhiteElo "1733"]
[BlackElo "2128"]
[Annotator "NA"]
[PlyCount "64"]
[EventDate "2019.06.11"]
[EventType "swiss"]
[EventCountry "RUS"]
[SourceTitle "playchess.com"]
[Source "ChessBase"]
[SourceQuality "1"]
[TimeControl "40/5400+30:1800+30"]

1. e4 c5 2. Nf3 d6 3. d4 cxd4 4. Nxd4 Nf6 5. Nc3 a6 6. f3 e5 7. Nb3 Be6 8. Bg5 Be7 9. Qd2 Nbd7 10. O-O-O O-O 11. f4 b5 12. Bxf6 Nxf6 13. fxe5 dxe5 14. Qxd8 Rfxd8 15. Rxd8+ Rxd8 16. Bd3 Ng4 17. Kd2 Nf2 18. Rf1 Bg5+ 19. Ke2 Nxd3 20. cxd3 Bg4+ 21. Rf3 Bxf3+ 22. gxf3 Rc8 23. Kd1 Rc6 24. Nd5 Rh6 25. Kc2 Rxh2+ 26. Kc3 h5 27. Nc7 h4 28. Nxa6 h3 29. Nc7 b4+ 30. Kxb4 Rxb2 31. a4 h2 32. Kc3 Ra2 {[%emt 0:00:04] Kd4} 0-1

[Event "23rd Alekhine FIDE 2019"]
[Site "Voronezh"]
[Date "2019.06.12"]
[Round "1.10"]
[White "Beldyugin, Alexey"]
[Black "Tatarintsev, Mikhail"]
[Result "1-0"]
[ECO "A01"]
[WhiteElo "2126"]
[BlackElo "1730"]
[Annotator "NA"]
[PlyCount "79"]
[EventDate "2019.06.11"]
[EventType "swiss"]
[EventCountry "RUS"]
[SourceTitle "playchess.com"]
[Source "ChessBase"]
[SourceQuality "1"]
[TimeControl "40/5400+30:1800+30"]

1. b3 d5 2. Bb2 e6 3. Nf3 Nf6 4. e3 c5 5. c4 Nc6 6. cxd5 Nxd5 7. Bb5 Bd7 8. O-O Nf6 9. Nc3 Be7 10. d4 cxd4 11. Nxd4 Nxd4 12. Qxd4 O-O 13. Bxd7 Qxd7 14. Qxd7 Nxd7 15. Rfd1 Rfd8 16. Nb5 Bf6 17. Bd4 b6 18. Rac1 Bxd4 19. Rxd4 Nc5 20. Rxd8+ Rxd8 21. b4 Nd3 22. Rd1 Rd5 23. Nc3 Rd7 24. f4 Kf8 25. a3 Ke8 26. Rb1 e5 27. f5 g6 28. g4 a6 29. Ne4 Ke7 30. Kf1 h6 31. Ke2 Rd8 32. h4 Rd7 33. h5 g5 34. Rd1 Nb2 35. f6+ Ke6 36. Nxg5+ Kxf6 37. Rxd7 Kxg5 38. Rxf7 Kxg4 39. Rf6 Kxh5 40. Rxb6 1-0

[Event "23rd Alekhine FIDE 2019"]
[Site "Voronezh"]
[Date "2019.06.12"]
[Round "1.11"]
[White "Volodin, Konstantin"]
[Black "Skvortsov, Andrei"]
[Result "0-1"]
[ECO "A28"]
[WhiteElo "1726"]
[BlackElo "2123"]
[Annotator "NA"]
[PlyCount "96"]
[EventDate "2019.06.11"]
[EventType "swiss"]
[EventCountry "RUS"]
[SourceTitle "playchess.com"]
[Source "ChessBase"]
[SourceQuality "1"]
[TimeControl "40/5400+30:1800+30"]

1. c4 Nf6 2. Nc3 e5 3. Nf3 Nc6 4. e4 d6 5. d4 exd4 6. Nxd4 Be7 7. Be2 O-O 8. Be3 Re8 9. O-O Bf8 10. f3 Ne5 11. Qd2 c6 12. a3 Qc7 13. b4 Be6 14. Nxe6 fxe6 15. Rfd1 Rad8 16. Rac1 b6 17. Qe1 Qf7 18. h3 Nh5 19. Qf2 Nf4 20. Bf1 c5 21. g3 Nh5 22. f4 Nc6 23. g4 cxb4 24. axb4 Nf6 25. Rb1 Kh8 26. Bg2 d5 27. e5 Ne4 28. Nxe4 dxe4 29. c5 Rxd1+ 30. Rxd1 Nxb4 31. cxb6 axb6 32. Bxe4 b5 33. Qh4 g6 34. Qf2 Rc8 35. Qb2 Rc4 36. Bb1 Qb7 37. Rd8 Kg8 38. f5 Qe7 39. Qd2 Nc6 40. Bg5 Qc5+ 41. Be3 Qxe5 42. Rxf8+ Kxf8 43. Bh6+ Kg8 44. fxg6 Qg3+ 45. Qg2 Qxg2+ 46. Kxg2 hxg6 47. Bxg6 Ne5 48. Bb1 Rb4 0-1

[Event "23rd Alekhine FIDE 2019"]
[Site "Voronezh"]
[Date "2019.06.12"]
[Round "1.12"]
[White "Al-Hajiri, Bader"]
[Black "Bratov, Ademir"]
[Result "0-1"]
[ECO "C50"]
[WhiteElo "2121"]
[BlackElo "1725"]
[Annotator "NA"]
[PlyCount "78"]
[EventDate "2019.06.11"]
[EventType "swiss"]
[EventCountry "RUS"]
[SourceTitle "playchess.com"]
[Source "ChessBase"]
[SourceQuality "1"]
[TimeControl "40/5400+30:1800+30"]

1. e4 e5 2. Nf3 Nc6 3. Bc4 Bc5 4. O-O Nf6 5. d3 d6 6. c3 a6 7. b4 Ba7 8. a4 Ne7 9. Qb3 O-O 10. Bg5 Ng6 11. Nbd2 h6 12. Nh4 hxg5 13. Nxg6 d5 14. Nxf8 dxc4 15. Nxc4 Qxf8 16. Nxe5 Be6 17. Qc2 Qd6 18. Nf3 g4 19. e5 Qd5 20. c4 Qd7 21. Ng5 Nh5 22. Nxe6 Qxe6 23. Qe2 Bd4 24. Rac1 Bxe5 25. Rfe1 Re8 26. g3 Nf6 27. Qd2 Qd7 28. d4 Qxd4 29. Qg5 Ne4 30. Qf5 Bd6 31. Red1 Qb2 32. Rf1 Qxb4 33. Qxg4 Qxa4 34. Rfe1 Nf6 35. Rxe8+ Qxe8 36. Qf3 b6 37. Kf1 Ne4 38. Qe2 Qc6 39. Qg4 Nxg3+ 0-1

[Event "23rd Alekhine FIDE 2019"]
[Site "Voronezh"]
[Date "2019.06.12"]
[Round "1.13"]
[White "Koshelev, Vladimir"]
[Black "Manukovsky, Vladimir"]
[Result "1-0"]
[ECO "A04"]
[WhiteElo "2145"]
[BlackElo "2107"]
[Annotator "NA"]
[PlyCount "109"]
[EventDate "2019.06.11"]
[EventType "swiss"]
[EventCountry "RUS"]
[SourceTitle "playchess.com"]
[Source "ChessBase"]
[SourceQuality "1"]
[TimeControl "40/5400+30:1800+30"]

1. Nf3 c5 2. c3 b6 3. d4 Bb7 4. e3 Nf6 5. Be2 g6 6. a4 Bg7 7. Na3 O-O 8. O-O d6 9. Qb3 Nbd7 10. Rd1 cxd4 11. exd4 Rc8 12. Bf4 Qc7 13. h3 Bd5 14. c4 Ba8 15. Rac1 Qb7 16. Qe3 Rfe8 17. Bh6 Bh8 18. Bf1 Nh5 19. Nb5 Ng7 20. Bd3 a6 21. Nc3 Nf6 22. d5 e5 23. Ng5 Re7 24. Nce4 Nfe8 25. g4 f5 26. Nc3 e4 27. Be2 Nf6 28. Bxg7 Bxg7 29. Ne6 Ne8 30. gxf5 gxf5 31. Qg5 Rf7 32. Kh1 Qe7 33. Rg1 Qxg5 34. Rxg5 h6 35. Rg6 Kh7 36. Rcg1 Bxc3 37. bxc3 Nf6 38. Nf4 Rg8 39. Rxg8 Nxg8 40. Bh5 Rc7 41. Bg6+ Kh8 42. Bxf5 Rxc4 43. Ng6+ Kg7 44. Ne5+ Kf6 45. Nxc4 Kxf5 46. Rxg8 Bxd5 47. Ne3+ Ke5 48. Re8+ Be6 49. Ng4+ Kf5 50. Nxh6+ Kf6 51. Ng4+ Kf7 52. Rb8 Bd5 53. Ne3 Bb3 54. Rxb6 Bxa4 55. Rxa6 1-0

[Event "23rd Alekhine FIDE 2019"]
[Site "Voronezh"]
[Date "2019.06.12"]
[Round "1.14"]
[White "Gorshkov, Yury S."]
[Black "Shcherbinin, Nikolay"]
[Result "1-0"]
[ECO "A05"]
[WhiteElo "2103"]
[BlackElo "1717"]
[Annotator "NA"]
[PlyCount "43"]
[EventDate "2019.06.11"]
[EventType "swiss"]
[EventCountry "RUS"]
[SourceTitle "playchess.com"]
[Source "ChessBase"]
[SourceQuality "1"]
[TimeControl "40/5400+30:1800+30"]

1. Nf3 Nf6 2. c4 c5 3. Nc3 g6 4. d4 cxd4 5. Nxd4 Bg7 6. e4 d6 7. f3 O-O 8. Be3 Nc6 9. Qd2 Bd7 10. Be2 a6 11. O-O Rb8 12. Rac1 Nxd4 13. Bxd4 b5 14. cxb5 axb5 15. b4 Bc6 16. Rfd1 Qd7 17. a4 bxa4 18. b5 Bb7 19. Nxa4 Rfd8 20. Ba7 Bxe4 21. Bxb8 Rxb8 22. fxe4 1-0

[Event "23rd Alekhine FIDE 2019"]
[Site "Voronezh"]
[Date "2019.06.13"]
[Round "2.8"]
[White "Novikov, Kirill"]
[Black "Gorshkov, Yury S."]
[Result "1-0"]
[ECO "B06"]
[WhiteElo "1890"]
[BlackElo "2103"]
[Annotator "NA"]
[PlyCount "105"]
[EventDate "2019.06.12"]
[EventType "swiss"]
[EventCountry "RUS"]
[SourceTitle "playchess.com"]
[Source "ChessBase"]
[SourceQuality "1"]
[TimeControl "40/5400+30:1800+30"]

1. e4 g6 2. d4 Bg7 3. f4 d6 4. Nf3 a6 5. Nc3 b5 6. a3 Bb7 7. Be3 Nd7 8. Qd2 e6 9. O-O-O Ngf6 10. Bd3 Nb6 11. f5 gxf5 12. exf5 Qe7 13. Bg5 O-O-O 14. Rde1 Kb8 15. Re2 Rde8 16. Rhe1 Qd7 17. Bh6 Bxh6 18. Qxh6 Ng4 19. Qh4 h5 20. h3 Nh6 21. fxe6 fxe6 22. Bg6 Ref8 23. Rxe6 Nf5 24. Bxf5 Rxf5 25. Re7 Qc8 26. Ng5 Bxg2 27. Ne6 Na8 28. Ne4 Qg8 29. Ng7 Rf7 30. Re8+ Qxe8 31. Nxe8 Rxe8 32. Nd2 Rxe1+ 33. Qxe1 Kb7 34. Qg3 Bd5 35. b3 Nb6 36. Qg6 h4 37. Qg4 Rh7 38. Ne4 Re7 39. Ng5 Re1+ 40. Kb2 a5 41. Qxh4 Rh1 42. Qf2 a4 43. h4 Ka6 44. Nf3 axb3 45. cxb3 Rh3 46. Nd2 Kb7 47. Kc2 Kc6 48. Qf4 Kb7 49. Qg5 Rh2 50. Qf4 Rh3 51. Qg4 Rh2 52. Qf4 Rh3 53. Qg4 1-0

[Event "23rd Alekhine FIDE 2019"]
[Site "Voronezh"]
[Date "2019.06.13"]
[Round "2.9"]
[White "Zakirov, Vladislav"]
[Black "Polovnikov, Artem"]
[Result "1-0"]
[ECO "C50"]
[WhiteElo "2099"]
[BlackElo "1882"]
[Annotator "NA RC"]
[PlyCount "73"]
[EventDate "2019.06.12"]
[EventType "swiss"]
[EventCountry "RUS"]
[SourceTitle "playchess.com"]
[Source "ChessBase"]
[SourceQuality "1"]
[TimeControl "40/5400+30:1800+30"]

1. e4 e5 2. Nf3 Nc6 3. Bc4 Be7 4. O-O d6 5. c3 Nf6 6. Re1 O-O 7. d3 Na5 8. Bb5 a6 9. Ba4 b5 10. Bc2 Bb7 11. Nbd2 c5 12. Nf1 Nc6 13. Ng3 g6 14. h3 a5 15. d4 a4 16. d5 Na5 17. Nh2 Bc8 18. f4 Nc4 19. Rb1 Bd7 20. b3 axb3 21. axb3 exf4 22. Bxf4 Na3 23. Rb2 Nxc2 24. Rxc2 Re8 25. Rf2 Rf8 26. Bh6 Re8 27. Ref1 Kh8 28. Bg5 Nxd5 29. Bxe7 Nxe7 30. Qxd6 Be6 31. Qxc5 Qd3 32. Rf3 Qc2 33. Qd4+ Kg8 34. Ng4 Red8 35. Nh6+ Kf8 36. Qh8+ Ng8 37. Rxf7+ 1-0

[Event "23rd Alekhine FIDE 2019"]
[Site "Voronezh"]
[Date "2019.06.13"]
[Round "2.10"]
[White "Rudakov, Sergey S."]
[Black "Abramov, Ilya"]
[Result "1-0"]
[ECO "B02"]
[WhiteElo "1880"]
[BlackElo "2098"]
[Annotator "NA RC"]
[PlyCount "87"]
[EventDate "2019.06.12"]
[EventType "swiss"]
[EventCountry "RUS"]
[SourceTitle "playchess.com"]
[Source "ChessBase"]
[SourceQuality "1"]
[TimeControl "40/5400+30:1800+30"]

1. e4 Nf6 2. Nc3 d5 3. exd5 Nxd5 4. Bc4 e6 5. Nf3 Nxc3 6. bxc3 Be7 7. d4 O-O 8. Ne5 Nd7 9. Qe2 c5 10. O-O Nxe5 11. dxe5 Qa5 12. Bd2 Bd7 13. Bd3 Bc6 14. c4 Qc7 15. f4 Rad8 16. Bc3 g6 17. Qg4 b5 18. cxb5 c4 19. Bxg6 hxg6 20. bxc6 Qxc6 21. Rae1 Qa4 22. Re2 Rd5 23. h4 Bc5+ 24. Kh2 Qa3 25. Rf3 Qc1 26. h5 Rd1 27. hxg6 Rh1+ 28. Kg3 Qg1 29. Rff2 Rh6 30. gxf7+ Kxf7 31. f5 Bxf2+ 32. Rxf2 Qh2+ 33. Kf3 Qh5 34. Rd2 Qxg4+ 35. Kxg4 exf5+ 36. Kxf5 Ke8+ 37. Ke4 Rf7 38. Bb4 Rh4+ 39. Kd5 Rd7+ 40. Bd6 Rf7 41. Rd1 Rf2 42. Rb1 Rd2+ 43. Kc6 Re4 44. Rh1 1-0

[Event "23rd Alekhine FIDE 2019"]
[Site "Voronezh"]
[Date "2019.06.13"]
[Round "2.11"]
[White "Ioffe, Evgeny"]
[Black "Usacheva, Glafira"]
[Result "1-0"]
[ECO "B22"]
[WhiteElo "2082"]
[BlackElo "1866"]
[Annotator "NA RC"]
[PlyCount "97"]
[EventDate "2019.06.12"]
[EventType "swiss"]
[EventCountry "RUS"]
[SourceTitle "playchess.com"]
[Source "ChessBase"]
[SourceQuality "1"]
[TimeControl "40/5400+30:1800+30"]

1. e4 c5 2. c3 Nf6 3. e5 Nd5 4. d4 cxd4 5. cxd4 Nc6 6. Nf3 d6 7. Bc4 Nb6 8. Bb5 dxe5 9. Nxe5 Bd7 10. Bxc6 Bxc6 11. Nxc6 bxc6 12. Nc3 e6 13. O-O Be7 14. Be3 O-O 15. Rc1 Rc8 16. Qe2 Bf6 17. Rfd1 Nd5 18. Ne4 g6 19. Nxf6+ Qxf6 20. Bh6 Rfe8 21. Qg4 Rc7 22. h4 Rec8 23. Rd3 c5 24. Rxc5 Rxc5 25. dxc5 Rxc5 26. b4 Rc3 27. Rd4 Rc2 28. Qg3 Rc8 29. Rc4 Re8 30. Kh2 e5 31. b5 Ne7 32. Bg5 Qe6 33. Rc7 f6 34. Be3 Nf5 35. Qh3 e4 36. Rxa7 Qe5+ 37. g3 Qxb5 38. g4 Qe5+ 39. Kg2 Ne7 40. h5 g5 41. Qg3 Qe6 42. Kh3 Nd5 43. a4 h6 44. a5 f5 45. gxf5 Qxf5+ 46. Qg4 Nxe3 47. fxe3 Qf1+ 48. Qg2 Qe1 49. Qa2+ 1-0

[Event "23rd Alekhine FIDE 2019"]
[Site "Voronezh"]
[Date "2019.06.13"]
[Round "2.12"]
[White "Ashutosh, Kumar"]
[Black "Zisin, Oleg"]
[Result "1-0"]
[ECO "A20"]
[WhiteElo "1852"]
[BlackElo "2076"]
[Annotator "NA RC"]
[PlyCount "89"]
[EventDate "2019.06.12"]
[EventType "swiss"]
[EventCountry "RUS"]
[SourceTitle "playchess.com"]
[Source "ChessBase"]
[SourceQuality "1"]
[TimeControl "40/5400+30:1800+30"]

1. c4 e5 2. g3 Nf6 3. Bg2 Nc6 4. Nf3 d5 5. cxd5 Nxd5 6. O-O Be6 7. d4 exd4 8. Nxd4 Nxd4 9. Qxd4 c6 10. Nc3 Nf6 11. Qa4 Be7 12. Rd1 Qc8 13. Bf4 O-O 14. b4 a6 15. a3 Nd7 16. Ne4 Nb6 17. Qc2 Bf5 18. Qc1 Re8 19. Nc3 Bf6 20. Be3 Nc4 21. Bd4 Qe6 22. e4 Bh3 23. Bxh3 Qxh3 24. Bxf6 gxf6 25. Qf4 Ne5 26. f3 Qe6 27. Ne2 Ng6 28. Qh6 Qe5 29. Nd4 Ne7 30. Rac1 Qg5 31. Qxg5+ fxg5 32. Nb3 f5 33. Nc5 a5 34. Ne6 Rec8 35. Rd7 Ng6 36. exf5 Ne5 37. Rg7+ Kh8 38. f4 gxf4 39. gxf4 Nd3 40. Rd1 Nxf4 41. Rdd7 Nxe6 42. Rxh7+ Kg8 43. fxe6 Re8 44. Rdg7+ Kf8 45. e7+ 1-0

[Event "23rd Alekhine FIDE 2019"]
[Site "Voronezh"]
[Date "2019.06.13"]
[Round "2.13"]
[White "Peschansky, Mikhail"]
[Black "Yaurov, Egor"]
[Result "1/2-1/2"]
[ECO "A13"]
[WhiteElo "2075"]
[BlackElo "1840"]
[Annotator "NA RC"]
[PlyCount "45"]
[EventDate "2019.06.12"]
[EventType "swiss"]
[EventCountry "RUS"]
[SourceTitle "playchess.com"]
[Source "ChessBase"]
[SourceQuality "1"]
[TimeControl "40/5400+30:1800+30"]

1. c4 e6 2. g3 d5 3. Bg2 Nf6 4. Nf3 Nbd7 5. O-O b6 6. Nc3 Bb7 7. d4 Be7 8. Bf4 a6 9. Ne5 O-O 10. Qa4 c6 11. Nxc6 Bxc6 12. Qxc6 Rc8 13. cxd5 Rxc6 14. dxc6 Nh5 15. cxd7 Nxf4 16. gxf4 Qxd7 17. Rfd1 Qd6 18. e3 f5 19. Rd2 Bf6 20. Rc1 Rf7 21. Rdc2 Rc7 22. a3 Qd7 23. Bf1 1/2-1/2

[Event "23rd Alekhine FIDE 2019"]
[Site "Voronezh"]
[Date "2019.06.13"]
[Round "2.14"]
[White "Khripachenko, Alexander"]
[Black "Yakimenko, Alexander A."]
[Result "1/2-1/2"]
[ECO "C46"]
[WhiteElo "1838"]
[BlackElo "2072"]
[Annotator "NA RC"]
[PlyCount "80"]
[EventDate "2019.06.12"]
[EventType "swiss"]
[EventCountry "RUS"]
[SourceTitle "playchess.com"]
[Source "ChessBase"]
[SourceQuality "1"]
[TimeControl "40/5400+30:1800+30"]

1. e4 e5 2. Nf3 Nc6 3. Nc3 Nge7 4. d4 exd4 5. Nxd4 Nxd4 6. Qxd4 Nc6 7. Qd2 Bc5 8. b3 O-O 9. Bb2 Qf6 10. Bd3 d5 11. O-O-O d4 12. Nd5 Qd6 13. Kb1 Nb4 14. Bc4 Nxd5 15. exd5 Bg4 16. f3 Bd7 17. Bxd4 b5 18. Bxc5 Qxc5 19. Bd3 a5 20. Rhe1 b4 21. Qe3 Qd6 22. Qe7 Rfe8 23. Qxd6 cxd6 24. Kc1 Kf8 25. Kd2 Rec8 26. Re3 Rc5 27. Bc4 g6 28. a3 Bb5 29. Bxb5 Rxb5 30. c4 bxc3+ 31. Kxc3 Rc8+ 32. Kb2 Rcc5 33. Red3 Ke7 34. Rd4 h5 35. f4 Kf6 36. b4 a4 37. R1d2 Kf5 38. h3 h4 39. Rd1 Kf6 40. R1d2 Kf5 1/2-1/2